 Dungeon Crawl Stone Soup version 0.31-a0-700-gf13585253f (webtiles) character file.

Game seed: 2378342850101189112

568 qw the Shooter (level 7, -1/44 HPs)
             Began as a Gargoyle Hunter on Sept 7, 2023.
             Slain by a lemure (3 damage)
             ... led by Pikel
             ... on level 4 of the Dungeon.
             The game lasted 00:01:32 (3531 turns).

qw the Shooter (Gargoyle Hunter)                    Turns: 3531, Time: 00:01:33

Health: -1/44      AC: 13    Str: 14    XL:     7   Next: 33%
Magic:  7/7        EV: 11    Int: 10    God:
Gold:   46         SH:  5    Dex: 15    Spells: 6/6 levels left

rFire   . . .        Y - +0 shortbow
rCold   + . .        (shield currently unavailable)
rNeg    + . .        h - +1 ring mail {rC+}
rPois   inf          (no helmet)
rElec   +            i - +0 cloak
rCorr   .            g - +0 pair of gloves
SInv    .            (no boots)
Will    .....        d - amulet of reflection
Stlth   +            (no ring)
HPRegen 0.27/turn    (no ring)
MPRegen 0.10/turn

%: reflection
@: no status effects
A: sickness immunity, AC +4, negative energy resistance 1, electricity
resistance, torment resistance 1, petrification resistance
a: no special abilities


You were on level 4 of the Dungeon.
You visited 1 branch of the dungeon, and saw 4 of its levels.

You collected 124 gold pieces.
You spent 78 gold pieces at shops.


Innate Abilities, Weirdness & Mutations

You are immune to sickness and miasma.
Your stone body is resilient. (AC +4)
You are immune to poison.
You resist negative energy. (rN+)
You are resistant to electric shocks. (rElec)
You are resistant to unholy torment.
You are immune to petrification.


   Skills:
 - Level 5.1 Fighting
 + Level 7.1 Ranged Weapons
 - Level 2.0 Armour
 - Level 1.5 Dodging
 - Level 1.1 Stealth


You had 6 spell levels left.
You didn't know any spells.
Your spell library was empty.

Inventory:

Hand Weapons
 Y - a +0 shortbow (weapon)
Armour
 c - a +1 helmet
 g - a +0 pair of gloves (worn)
 h - a +1 ring mail of cold resistance (worn)
 i - a +0 cloak (worn)
Jewellery
 d - an amulet of reflection (around neck)
 e - a ring of magical power
Scrolls
 j - 3 scrolls of identify
Potions
 a - a potion of mutation {unknown}
 b - 3 potions of curing
 f - a potion of heal wounds {unknown}

Dungeon Overview and Level Annotations

Branches:
Dungeon (4/15)
 Temple: D:4-7

Altars:
Fedhas
Makhleb

Shops:
D:1 !   D:3 *   D:4 !

Annotations:
D:3 2 runed translucent doors, qw's ghost, amateur MiHs
D:4 Pikel


Message History

The lemure is severely wounded.
Pikel hits you but does no damage. The lemure misses you.
The lemure hits you but does no damage. x2; The lemure barely misses you.
The adder bites you but does no damage.
You shoot an arrow. The arrow closely misses the lemure.
You block the adder's attack.
Pikel hits you with a +2 whip of electrocution.
The lemure closely misses you. x3; The lemure misses you.
The adder closely misses you.
You shoot an arrow. The arrow closely misses the lemure.
Pikel barely misses you.
The lemure hits you but does no damage. x2
The lemure barely misses you. The lemure hits you but does no damage.
The adder closely misses you. The lemure hits you. The lemure hits you!
The lemure hits you but does no damage. Pikel barely misses you.
The lemure barely misses you.
You shoot an arrow. The arrow hits the lemure.
The lemure is almost dead.
You block the adder's attack. Pikel hits you but does no damage.
You block the lemure's attack. The lemure barely misses you.
The lemure hits you but does no damage. The lemure barely misses you.
The adder barely misses you.
You shoot an arrow. The arrow misses the lemure.
The adder closely misses you.
Pikel hits you with a +2 whip of electrocution.
The lemure hits you. You block the lemure's attack.
The lemure closely misses you. x2
You shoot an arrow. The arrow misses the lemure.
The adder closely misses you. Pikel barely misses you.
The lemure hits you but does no damage. The lemure misses you.
The lemure closely misses you. The lemure hits you but does no damage.
You shoot an arrow. The arrow barely misses the lemure.
The adder completely misses you.
Pikel hits you with a +2 whip of electrocution.
The lemure hits you but does no damage. x3; You block the lemure's attack.
The adder barely misses you.
You shoot an arrow. The arrow barely misses the lemure.
The adder closely misses you. Pikel hits you but does no damage.
You block the lemure's attack. The lemure hits you but does no damage.
You block the lemure's attack. The lemure hits you.
You die...

...............
.....)...#####.#.##..#..
.....[....# #.#.....#..
...........# # ####..#..
...........# ...#..
...........# ##.#
...........#
.......5K5######
#....S@5......#
#....5........# ..
#.............# ...
#............%# #...
#.............#####....
#####......................
...........................
...........................
...........................


You could see Pikel, 4 lemures and an adder.

Vanquished Creatures
  Sigmund (D:3)
  A hound (D:4)
  An orc priest (D:4)
  Natasha (D:3)
  Ijyb (D:3)
  An iguana (D:4)
  2 orc wizards (D:4)
  Robin (D:4)
  A gnoll (D:1)
  9 adders
  A worm (D:2)
  6 dart slugs
  3 orcs
  4 ball pythons
  6 bats
  12 endoplasms
  4 giant cockroaches
  19 goblins
  5 hobgoblins
  5 quokkas
  A frilled lizard (D:3)
  6 kobolds
  9 rats
100 creatures vanquished.

Notes
Turn   | Place    | Note
-------+----------+-------------------------------------------
     0 | D:1      | qw the Gargoyle Hunter began the quest for the Orb.
     0 | D:1      | Reached XP level 1. HP: 12/12 MP: 1/1
     0 | D:1      | 0 ||| qw: Version: 0.3-a-76-g4403597
     0 | D:1      | 0 ||| qw: Game counter: 568
     0 | D:1      | 0 ||| qw: Melee chars always use a shield: true
     0 | D:1      | 0 ||| qw: God list: Okawaru
     0 | D:1      | 0 ||| qw: Allow faded altars: false
     0 | D:1      | 0 ||| qw: Do Orc after clearing Dungeon:15 true
     0 | D:1      | 0 ||| qw: Do second Lair branch before Depths: true
     0 | D:1      | 0 ||| qw: Lair rune preference: random
     0 | D:1      | 0 ||| qw: Goals: Normal
     0 | D:1      | 0 ||| PLANNING D:1-11
    56 | D:1      | Reached XP level 2. HP: 17/17 MP: 2/2
   357 | D:1      | Reached XP level 3. HP: 14/21 MP: 3/3
   427 | D:1      | Reached skill level 5 in Ranged Weapons
   436 | D:1      | Found Zimmomn's Distillery.
   444 | D:1      | 444 ||| SHOPLISTING potion of curing (36 gold, have 17).
   444 | D:1      | 444 ||| SHOPLISTING potion of enlightenment (60 gold, have
                  | 17).
   444 | D:1      | 444 ||| SHOPLISTING potion of haste (120 gold, have 17).
   444 | D:1      | 444 ||| SHOPLISTING potion of resistance (120 gold, have
                  | 17).
   962 | D:1      | 962 ||| UPGRADING to +0 ring mail.
   972 | D:1      | 972 ||| DROPPING +0 leather armour.
   973 | D:1      | 973 ||| READING scroll labelled YSKATOA RYTIPN.
   974 | D:1      | 974 ||| DROPPING scroll of butterflies.
  1019 | D:2      | Reached skill level 1 in Armour
  1019 | D:2      | Reached XP level 4. HP: 27/27 MP: 4/4
  1084 | D:2      | Reached skill level 3 in Fighting
  1231 | D:2      | Identified the +5 dagger "Bicemown" {protect, rPois Int+3}
  1367 | D:2      | Found a faded altar of an unknown god.
  1598 | D:2      | Found a burning altar of Makhleb.
  1857 | D:2      | Reached XP level 5. HP: 31/32 MP: 5/5
  1868 | D:2      | 1868 ||| UPGRADING to amulet of reflection.
  1873 | D:2      | 1873 ||| READING scroll labelled MIESIS TIPHOU.
  1874 | D:2      | 1874 ||| READING scroll labelled KEZUUBLIRIM.
  1898 | D:2      | 1898 ||| READING 2 scrolls labelled RUKHLA YTTU.
  1899 | D:2      | 1899 ||| DRINKING 2 viscous emerald potions.
  1900 | D:2      | 1900 ||| DROPPING scroll of noise.
  2003 | D:3      | Found a runed translucent door.
  2092 | D:3      | Noticed Ijyb
  2105 | D:3      | HP: 8/32 [frozen (5)]
  2108 | D:3      | Killed Ijyb
  2109 | D:3      | Reached skill level 6 in Ranged Weapons
  2344 | D:3      | Noticed Sigmund
  2352 | D:3      | Killed Sigmund
  2353 | D:3      | Reached XP level 6. HP: 35/40 MP: 6/6
  2430 | D:3      | Found a runed translucent door.
  2430 | D:3      | Noticed qw's ghost (amateur MiHs)
  2602 | D:3      | Noticed Natasha
  2606 | D:3      | Killed Natasha
  2626 | D:3      | Found Naogyt's General Store.
  2635 | D:3      | 2635 ||| BUYING +0 cloak (54 gold).
  2635 | D:3      | Bought a +0 cloak for 54 gold pieces
  2635 | D:3      | 2635 ||| SHOPLISTING +2 ring mail of poison resistance (216
                  | gold, have 36).
  2635 | D:3      | 2635 ||| SHOPLISTING scroll of enchant weapon (90 gold,
                  | have 36).
  2635 | D:3      | 2635 ||| BUYING scroll of identify (24 gold).
  2635 | D:3      | Bought a scroll of identify for 24 gold pieces
  2771 | D:3      | 2771 ||| UPGRADING to +0 pair of gloves.
  2776 | D:3      | 2776 ||| UPGRADING to +1 ring mail of cold resistance.
  2786 | D:3      | 2786 ||| DROPPING +0 ring mail.
  2787 | D:3      | 2787 ||| UPGRADING to +0 cloak.
  2792 | D:3      | 2792 ||| READING scroll labelled HEERURANEB.
  2793 | D:3      | 2793 ||| READING 2 scrolls labelled CION TIPLU.
  2794 | D:3      | 2794 ||| DROPPING scroll of revelation.
  2987 | D:4      | Noticed Robin
  3005 | D:4      | Killed Robin
  3025 | D:4      | 3025 ||| FLEEEEING.
  3048 | D:4      | 3048 ||| FLEEEEING.
  3049 | D:4      | 3049 ||| FLEEEEING.
  3129 | D:4      | Found a blossoming altar of Fedhas.
  3203 | D:4      | Reached XP level 7. HP: 44/44 MP: 7/7
  3211 | D:4      | 3211 ||| Stepping ~*~*~tactically~*~*~ (outnumbered).
  3222 | D:4      | 3222 ||| Stepping ~*~*~tactically~*~*~ (retreating).
  3232 | D:4      | Reached skill level 7 in Ranged Weapons
  3245 | D:4      | HP: 8/44 [orc wizard/magic dart (8)]
  3471 | D:4      | Found Feha's Distillery.
  3477 | D:4      | 3477 ||| Stepping ~*~*~tactically~*~*~ (water).
  3482 | D:4      | 3482 ||| SHOPLISTING 2 potions of might (80 gold, have 21).
  3482 | D:4      | 3482 ||| SHOPLISTING potion of curing (30 gold, have 21).
  3482 | D:4      | 3482 ||| SHOPLISTING potion of heal wounds (50 gold, have
                  | 21).
  3482 | D:4      | 3482 ||| SHOPLISTING potion of resistance (100 gold, have
                  | 21).
  3515 | D:4      | 3515 ||| RETREATING.
  3515 | D:4      | Noticed Pikel
  3528 | D:4      | HP: 11/44 [Pikel/+2 whip of electrocution (1)]
  3528 | D:4      | HP: 5/44 [lemure[Pikel] (6)]
  3530 | D:4      | HP: 2/44 [Pikel/+2 whip of electrocution (4)]
  3531 | D:4      | Slain by a lemure

Levels and vault maps discovered:
D:1:      dpeg_arrival_erosion, layout_basic, serial_shops, nicolae_shop_stone,
          chequers_decorated_corner
D:2:      kennysheep_six_static_rooms, layout_loops_ring, basic_altar,
          ebering_ecumenical_altar_webs
D:3:      layout_basic, serial_shops, shop, ebering_ghost_sewer_f,
          kennysheep_cross_room, serial_park_tiny_1, uniq_sigmund, uniq_natasha,
          uniq_ijyb
D:4:      layout_basic, lemuel_tele_altar, serial_shops,
          nicolae_shop_industrial_runoff, uniq_pikel, uniq_robin

Skill      XL: |  1  2  3  4  5  6  7 |
---------------+----------------------+-----
Ranged Weapons | 5 6 7 |  7.1
Armour         | 1 2 |  2.0
Fighting       | 3 5 |  5.1
Dodging        | |  1.5
Stealth        | |  1.1

Action                     |  1- 3 |  4- 6 |  7- 9 || total
---------------------------+-------+-------+-------++-------
   Fire: Shortbow          |    82 |   236 |    70 ||   388
    Use: Scroll            |     1 |     5 |       ||     6
         Potion            |       |     1 |       ||     1
 Armour: Leather armour    |     8 |       |       ||     8
         Ring mail         |     7 |   130 |    85 ||   222
  Dodge: Dodged            |    18 |   123 |    52 ||   193
  Block: Other             |       |    27 |    20 ||    47
         Reflection        |       |     3 |       ||     3

Table legend:
 A = Non-vault XP
 B = Vault XP
 C = Vault XP percentage of total XP
 D = Non-vault monster count
 E = Vault monster count
 F = Vault count percentage of total count
                 A         B        C        D         E       F
            +---------+---------+-------+---------+---------+-------
      Total |     440 |     372 |  45.8 |      78 |      22 |  22.0
            +---------+---------+-------+---------+---------+-------
        D:1 |      62 |       0 |   0.0 |      24 |       0 |   0.0
        D:2 |      83 |      22 |  21.0 |      26 |       6 |  18.8
        D:3 |      45 |     312 |  87.4 |      13 |       3 |  18.8
        D:4 |     250 |      38 |  13.2 |      15 |      13 |  46.4
            +---------+---------+-------+---------+---------+-------
